 Dungeon Crawl Stone Soup version 0.28-a0-48-gfd831c5874 (webtiles) character file.

Game seed: 1540726068752640032

19 puppykicker the Vexing (level 2, -1/24 HPs)
             Began as a Ghoul Arcane Marksman on July 29, 2021.
             Slain by a quokka (4 damage)
             ... on level 1 of the Dungeon.
             The game lasted 00:01:56 (576 turns).

puppykicker the Vexing (Ghoul Arcane Marksman)       Turns: 576, Time: 00:01:57

Health: -1/24      AC:  2    Str: 13    XL:     2   Next: 75%
Magic:  1/2        EV: 12    Int:  8    God:
Gold:   11         SH:  0    Dex:  9    Spells: 2/3 levels left

rFire   + . .      SeeInvis .     - Unarmed
rCold   + . .      Faith    .   (no shield)
rNeg    + + +      Spirit   .   d - +0 robe
rPois   ∞          Reflect  .   (no helmet)
rElec   .          Harm     .   (no cloak)
rCorr   .          Rampage  .   (no gloves)
Will    .....                   (no boots)
Stlth   +.........              e - amulet of magic regeneration
HPRegen 0.00/turn               F - ring of protection from fire
MPRegen 0.33/turn               (no ring)

@: inhibited regen
A: claws 1, cold resistance 1, negative energy resistance 3, inhibited
regeneration, torment resistance 2
a: no special abilities


You were on level 1 of the Dungeon.
You visited 1 branch of the dungeon, and saw 1 of its levels.

You collected 11 gold pieces.

Inventory:

Hand Weapons
 a - a +0 hand crossbow
Missiles
 Q - 25 bolts
Armour
 d - a +0 robe (worn)
 g - a +0 ring mail
Jewellery
 e - an amulet of magic regeneration (around neck)
 F - a ring of protection from fire (left claw)
Scrolls
 b - a scroll of amnesia {unknown}
 c - a scroll of fog {unknown}
 f - a scroll of enchant armour {unknown}


   Skills:
 + Level 1.7 Fighting
 - Level 2.0 Crossbows
 - Level 1.7 Dodging
 * Level 1.9 Unarmed Combat
 - Level 1.0 Spellcasting
 - Level 2.4 Hexes


You had 2 spell levels left.
You knew the following spells:

 Your Spells              Type           Power      Damage    Failure   Level
a - Corona                Hex            4%         N/A       16%         1

Your spell library contained the following spells:

 Spells                   Type           Power      Damage    Failure   Level
 Slow                     Hex            4%         N/A       22%         2
 Inner Flame              Hex/Fire       2%         N/A       58%         3
 Portal Projectile        Hex/Tloc       4%         N/A       58%         3
 Cause Fear               Hex            2%         N/A       83%         4


Dungeon Overview and Level Annotations

Branches:
Dungeon (1/15)

Altars:


Innate Abilities, Weirdness & Mutations

You thrive by killing the living.
You are immune to poison.
You have sharp fingernails.
Your flesh is cold resistant. (rC+)
You are immune to negative energy. (rN+++)
You do not regenerate when monsters are visible.
You are immune to unholy pain and torment.


Message History

You barely miss the quokka.
The quokka twitches its whiskers.
The quokka misses you. The quokka closely misses you.
You scratch the quokka. The quokka bites you.
You take 2 damage, and have 19/24 hp.
You closely miss the quokka. The quokka bites you.
You take 3 damage, and have 16/24 hp.
You scratch the quokka but do no damage.
The quokka bites you.
You take 1 damage, and have 15/24 hp.
You miss the quokka. The endoplasm hits you. The quokka bites you.
* * * LOW HITPOINT WARNING * * *
You take 3 damage, and have 12/24 hp.
You barely miss the quokka. The quokka bites you.
* * * LOW HITPOINT WARNING * * *
The endoplasm freezes you.
You are frozen.
You resist.
* * * LOW HITPOINT WARNING * * *
You take 5 damage, and have 7/24 hp.
MASSIVE DAMAGE!!
The quokka bites you.
* * * LOW HITPOINT WARNING * * *
You take 1 damage, and have 6/24 hp.
You are too injured to fight recklessly!
You are too injured to fight recklessly! 2 jackals come into view.
The jackal barks!
A jackal comes into view.
The quokka bites you.
* * * LOW HITPOINT WARNING * * *
You take 3 damage, and have 3/24 hp.
Casting: Corona (safe; 16% risk of failure)
Aiming: Corona (safe; 16% risk of failure)
Press: ? - help, Shift-Dir - straight line, f - quokka
Aim: a quokka (chance to affect: 55%)
The quokka is outlined in light.
The quokka barely misses you.
You now have 1/2 mp.
You scratch the quokka. The quokka barely misses you.
You scratch the quokka. The quokka bites you.
You die...

#....†.#####....# #♣<....8≈#
#...............##♣.#P♣..≈≈≈
#.....#.###......###P#P♣....
#.......#..........#########
##.#..###...#...##......# #
.. #...#.......########.## #
.#######..#..###..# #..# #
..........#.h###.## ##.###
.......#..hhJr@..# #..##
.....##...######## ##.##
.... #..)# #..# ..# #....#
##.# . #.h...# #.. #..h..#
##. #h.....# #. ....... #.
#.


You could see an endoplasm, a quokka (corona) and 3 jackals.

Levels and vault maps discovered:
D:1:      tarquinn_simple_flora_water_d, layout_basic,
          shapermc_ecumenical_altar_flowoftime, minmay_misc_feat_secret_circle

Notes
Turn   | Place    | Note
-------+----------+-------------------------------------------
     0 | D:1      | puppykicker the Ghoul Arcane Marksman began the quest for
                  | the Orb.
     0 | D:1      | Reached XP level 1. HP: 16/16 MP: 1/1
    14 | D:1      | Identified a +0 dagger
   140 | D:1      | Identified a +0 whip
   161 | D:1      | Found a faded altar of an unknown god.
   226 | D:1      | Identified an amulet of magic regeneration
   247 | D:1      | Reached skill level 1 in Unarmed Combat
   256 | D:1      | Reached skill level 2 in Crossbows
   256 | D:1      | Reached XP level 2. HP: 13/23 MP: 2/2
   405 | D:1      | Identified a ring of protection from fire
   415 | D:1      | Identified a +0 ring mail
   567 | D:1      | HP: 6/24 [quokka (1)]
   573 | D:1      | HP: 3/24 [quokka (3)]
   576 | D:1      | Slain by a quokka

Table legend: (Time is in decaauts)
 A = Elapsed time spent in this place.
 B = Non-inter-level travel time spent in this place.
 C = Inter-level travel time spent in this place.
 D = Time resting spent in this place.
 E = Time spent auto-exploring this place.
 F = Levels seen in this place.
 G = Mean time per level.
                   A        B        C        D        E       F      G
               +--------+--------+--------+--------+--------+-----+--------+
         Total |    574 |    574 |      0 |    143 |    269 |   1 |  574.0 |
       Dungeon |    574 |    574 |      0 |    143 |    269 |   1 |  574.0 |
               +--------+--------+--------+--------+--------+-----+--------+

Top non-repeatable levels by time:
     D:1: 574 daAuts

Table legend:
 A = Kills in this place as a percentage of kills in entire the game.
 B = Kills by you in this place as a percentage of kills by you in the entire game.
 C = Kills by friends in this place as a percentage of kills by friends in the entire game.
 D = Other kills in this place as a percentage of other kills in the entire game.
 E = Experience gained in this place as a percentage of experience gained in the entire game.
 F = Experience gained in this place divided by the number of levels of this place that you have seen.
                   A       B       C       D       E      F
               +-------+-------+-------+-------+-------+----------------------
         Total | 100.0 | 100.0 |   N/A |   N/A | 100.0 |  28.0
       Dungeon | 100.0 | 100.0 |   N/A |   N/A | 100.0 |  28.0
               +-------+-------+-------+-------+-------+----------------------

Skill      XL: |  1 |
---------------+----+-----
Unarmed Combat | 1 |  1.9
Crossbows      | 2 |  2.0
Fighting       | |  1.7
Dodging        | |  1.7
Spellcasting   | |  1.0
Hexes          | |  2.4

Action                   || total
-------------------------++-------
Melee: Unarmed           ||    93
 Fire: Hand crossbow     ||     2
 Cast: Corona            ||     1
 Stab: Sleeping          ||     1
Armor: Robe              ||     7
Dodge: Dodged            ||    45

Vanquished Creatures
  A dart slug (D:1)
  An endoplasm (D:1)
  A giant cockroach (D:1)
  A hobgoblin (D:1)
  7 jackals (D:1)
  A ball python (D:1)
  A goblin (D:1)
  2 rats (D:1)
15 creatures vanquished.

Vanquished Creatures (others)
  2 plants (D:1)
  6 withered plants (D:1)
8 creatures vanquished.

Grand Total: 23 creatures vanquished
